 Dungeon Crawl Stone Soup version 0.32-a0-768-g0f6f1dd4b9 (webtiles) character file.

Game seed: 12447117445453090345

3305 Malificent the Charlatan (level 10, -10/76 HPs)
             Began as a Coglin Fighter on Mar 18, 2024.
             Mangled by a gnoll
             ... wielding a +0 heavy halberd
              (27 damage)
             ... on level 7 of the Dungeon.
             The game lasted 00:25:59 (7250 turns).

Malificent the Charlatan (Coglin Fighter)           Turns: 7250, Time: 00:25:59

Health: -10/76     AC:  5    Str: 19    XL:     10   Next: 1%
Magic:  10/10      EV: 11    Int: 11    God:
Gold:   317        SH:  0    Dex: 15    Spells: 9/9 levels left

rFire   + . .        y - +2 short sword (drain) {Rabni}
rCold   + . .        v - +2 short sword (holy) {Ur-Dumizida}
rNeg    . . .        G - +2 leather armour of the Charred Cicada {Fly}
rPois   .            (no helmet)
rElec   .            A - scarf of Yluqemui {rC+ rF+, Harm Int+3}
rCorr   .            (no gloves)
SInv    .            (no boots)
Will    .....        (amulet unavailable)
Stlth   +            (ring unavailable)
HPRegen 0.32/turn    (ring unavailable)
MPRegen 0.12/turn    (no gizmo)

%: harm (+30% outgoing, +20% incoming)
@: flying, invisible, revved
A: off-hand wielding, slow wielding, warmup strikes, no jewellery
a: Invent Gizmo


You were on level 7 of the Dungeon.
You visited 1 branch of the dungeon, and saw 7 of its levels.
You also visited: Sewer.

You collected 317 gold pieces.

Inventory:

Hand Weapons
 a - a +0 war axe {Minjee}
 e - a +3 short sword {Tenoch}
 f - a +4 dagger of venom {Saranna}
 m - a +0 heavy flail
 v - a +2 short sword of holy wrath (offhand) {Ur-Dumizida}
 y - a +2 short sword of draining (weapon) {Rabni}
Missiles
 g - 7 poisoned darts
 h - 5 silver javelins (quivered)
 B - 6 javelins
Armour
 b - a +0 scale mail
 c - a +0 buckler
 q - an orb of mayhem
 w - a +0 scale mail of fire resistance
 z - a +2 robe of resistance
 A - the scarf of Yluqemui (worn) {rC+ rF+, Harm Int+3}
   (You found it on level 4 of the Dungeon)

   Int+3:     It affects your intelligence (+3).
   Harm:      It increases damage dealt and taken.
 C - a +2 ring mail of cold resistance
 D - a +2 robe of willpower
 E - the +0 leather armour "Pegagg" {Dex+4}
   (You found it on level 6 of the Dungeon)

   Dex+4:     It affects your dexterity (+4).
 F - a +0 pair of gloves
 G - the +2 leather armour of the Charred Cicada (worn) {Fly}
   (You found it on level 6 of the Dungeon)

   Fly:       It grants you flight.
Wands
 k - a wand of warping (6)
 r - a wand of quicksilver (3)
 x - a wand of flame (43)
Scrolls
 j - 2 scrolls of identify
 H - a scroll of poison
Potions
 d - 2 potions of might
 i - 2 potions of mutation
 l - a potion of lignification
 n - 2 potions of enlightenment
 o - 2 potions of heal wounds
 s - a potion of haste
 t - a potion of cancellation {unknown}
 u - a potion of brilliance


   Skills:
 + Level 5.8 Fighting
 + Level 7.2 Short Blades
 + Level 2.8 Axes
 * Level 3.4 Throwing
 + Level 6.3 Armour
 + Level 2.0 Dodging
 + Level 1.0 Stealth
 + Level 2.2 Shields
 * Level 7.3 Evocations


You had 9 spell levels left.
You didn't know any spells.
Your spell library contained the following spells:

 Spells                   Type           Power      Damage    Failure   Level
 Sting                    Conj/Alch      0%         1d3       38%         1
 Mercury Vapours          Alch/Air       0%         N/A       52%         2
 Frozen Ramparts          Ice            0%         1d1       77%         3
 Inner Flame              Hex/Fire       0%         N/A       77%         3
 Mephitic Cloud           Conj/Alch/Air  0%         N/A       77%         3
 Ozocubu's Armour         Ice            0%         N/A       77%         3
 Flame Wave               Conj/Fire      0%         2d4       99%         4
 Olgreb's Toxic Radiance  Alch           0%         N/A       99%         4
 Sticky Flame             Fire/Alch      0%         2d4       99%         4
 Iskenderun's Battlesphe  Conj           0%         2d6       100%        5
 Lee's Rapid Deconstruct  Erth           0%         3d4*      100%        5
 Metabolic Englaciation   Hex/Ice        0%         N/A       100%        5
 Yara's Violent Unravell  Hex/Alch       0%         3d3       100%        5
 Bombard                  Conj/Erth      0%         9d1       100%        6
 Spellforged Servitor     Conj/Summ      0%         N/A       100%        7


Dungeon Overview and Level Annotations

Branches:
Dungeon (7/15)             Temple (0/1) D:7           Sewer (visited)

Altars:
Cheibriados
Elyvilon
Fedhas
Sif Muna


Innate Abilities, Weirdness & Mutations

You can wield a second weapon in your off-hand.
It takes a long time for you to wield or remove held weapons.
Your first few attacks do less damage.
You cannot equip rings or amulets.


Message History

You kill the orc!
You hit the orc with your +2 short sword of holy wrath.
The orc is lightly wounded.
You barely miss the orc with your +2 short sword of draining.
You puncture the orc with your +2 short sword of holy wrath!
You kill the orc!
The gnoll hits you from afar with a +0 spear.
The gnoll hits you from afar with a +0 heavy halberd!
Things that are here:
a +0 war axe; a wand of flame (20)
The gnoll barely misses you. The gnoll hits you with a +0 spear.
You barely miss the gnoll with your +2 short sword of holy wrath.
You hit the gnoll with your +2 short sword of draining.
The gnoll hits you with a +0 heavy halberd!
The gnoll hits you with a +0 club. The gnoll closely misses you.
You hit the gnoll with your +2 short sword of draining.
You drain the gnoll.
The gnoll is heavily wounded.
You barely miss the gnoll with your +2 short sword of holy wrath.
You completely miss the gnoll with your +2 short sword of draining.
The gnoll is heavily wounded.
You hit the gnoll with your +2 short sword of holy wrath.
The gnoll closely misses you. x2; The gnoll barely misses you.
You hit the gnoll with your +2 short sword of draining.
The gnoll is almost dead.
You hit the gnoll with your +2 short sword of holy wrath.
You kill the gnoll!
You barely miss the gnoll with your +2 short sword of draining.
You barely miss the gnoll with your +2 short sword of holy wrath.
The gnoll completely misses you. The iguana misses you.
You closely miss the gnoll with your +2 short sword of draining.
You closely miss the gnoll with your +2 short sword of holy wrath.
The gnoll hits you with a +0 heavy halberd!
The gnoll closely misses you. The iguana bites you!
* * * LOW HITPOINT WARNING * * *
Unknown command.
You fade into invisibility!
The gnoll closely misses you.
The gnoll hits you with a +0 heavy halberd!!
You die...

..........# .....<
..........##..⌠...#.
#..........#.........
#................$#.. .
#....................#..
#...........####..##....
########†##<.........#..
########.#.....lgg......
.....!..##.##.##@##...
#########.....$)$.#..#
######.......)$.......
......#..⌠...⌠..#....
#####..##.........#....#
.............>......#..#
.########.........##...#
#..⌠...⌠..# #..
.............


You could see an iguana (unable to see you) and 2 gnolls.

Vanquished Creatures
  Pikel (D:6)
  Eustachio (D:4)
  Menkaure (D:6)
  A water moccasin (D:5)
  Duvessa (D:4)
  2 black bears (D:4)
  A sky beast (D:6)
  2 ogres (D:5)
  2 centaurs (D:5)
  4 lemures (D:6)
  A kobold brigand (Sewer)
  5 bullfrogs
  4 scorpions
  Dowan (D:4)
  3 killer bees (D:7)
  4 jellies
  4 hounds
  3 orc priests
  A bombardier beetle (D:3)
  Ijyb (D:3)
  Jessica (D:3)
  A sleepcap (D:4)
  Natasha (thrice) (D:4)
  3 orc wizards
  Robin (D:3)
  8 gnolls
  13 adders
  2 white imps
  A ribbon worm (D:2)
  A dart slug (D:4)
  20 orcs
  5 bats
  10 endoplasms
  7 giant cockroaches
  18 goblins
  16 hobgoblins
  11 jackals
  5 quokkas
  11 ball pythons
  6 frilled lizards
  15 kobolds
  7 rats
208 creatures vanquished.

Notes
Turn   | Place    | Note
-------+----------+-------------------------------------------
     0 | D:1      | Malificent the Coglin Fighter began the quest for the Orb.
     0 | D:1      | Reached XP level 1. HP: 18/18 MP: 1/1
   113 | D:1      | Reached XP level 2. HP: 9/24 MP: 2/2
   796 | D:1      | Reached XP level 3. HP: 29/29 MP: 3/3
   964 | D:1      | Reached skill level 1 in Evocations
  1300 | D:2      | Reached XP level 4. HP: 34/36 MP: 4/4
  1307 | D:2      | Reached skill level 1 in Short Blades
  1732 | D:2      | Got Joreffet's Grimoire of Hyletic Cleavage
  2121 | D:3      | Noticed Ijyb
  2134 | D:3      | Killed Ijyb
  2135 | D:3      | Reached XP level 5. HP: 38/41 MP: 5/5
  2156 | D:3      | Found a white marble altar of Elyvilon.
  2261 | D:3      | Noticed Robin
  2277 | D:3      | Found a blossoming altar of Fedhas.
  2285 | D:3      | Killed Robin
  2390 | D:3      | Reached XP level 6. HP: 29/48 MP: 6/6
  2468 | D:3      | Found a glowing drain.
  2472 | Sewer    | Entered a sewer
  2693 | Sewer    | Found a glowing silver altar of Zin.
  3146 | D:3      | Noticed Jessica
  3161 | D:3      | Killed Jessica
  3162 | D:3      | Reached XP level 7. HP: 48/54 MP: 7/7
  3187 | D:3      | Found a shimmering blue altar of Sif Muna.
  3465 | D:4      | Noticed Natasha
  3469 | D:4      | Killed Natasha
  3531 | D:4      | Noticed Natasha
  3945 | D:4      | Noticed Eustachio
  3949 | D:4      | Killed Eustachio
  3956 | D:4      | Reached XP level 8. HP: 61/61 MP: 8/8
  3963 | D:4      | Reached skill level 5 in Short Blades
  3998 | D:4      | Noticed Duvessa
  4009 | D:4      | Killed Duvessa
  4010 | D:4      | Reached skill level 5 in Evocations
  4011 | D:4      | Noticed Dowan
  4019 | D:4      | Killed Dowan
  4047 | D:4      | Killed Natasha
  4122 | D:4      | Identified the scarf of Yluqemui {rC+ rF+, Harm Int+3}
  4240 | D:4      | Reached skill level 5 in Fighting
  4361 | D:4      | Noticed Natasha
  4371 | D:4      | Killed Natasha
  4521 | D:4      | Reached skill level 5 in Armour
  4691 | D:5      | Entered Level 5 of the Dungeon
  4728 | D:5      | Reached skill level 1 in Throwing
  4731 | D:5      | Reached skill level 1 in Dodging
  4748 | D:5      | Reached XP level 9. HP: 68/68 MP: 9/9
  5128 | D:5      | Reached skill level 1 in Stealth
  5879 | D:6      | Noticed Pikel
  5889 | D:6      | Killed Pikel
  6362 | D:6      | Identified the +0 leather armour "Pegagg" {Dex+4}
  6412 | D:6      | Noticed Menkaure
  6421 | D:6      | Killed Menkaure
  6711 | D:6      | Identified the +2 leather armour of the Charred Cicada
                  | {Fly}
  6788 | D:6      | Found a snail-covered altar of Cheibriados.
  7208 | D:7      | Found a staircase to the Ecumenical Temple.
  7213 | D:7      | Reached XP level 10. HP: 73/76 MP: 10/10
  7250 | D:7      | Mangled by a gnoll

Illustrated notes

Levels and vault maps discovered:
D:1:      eino_arrival_water_cross, layout_basic,
          nicolae_concentric_dashed_squares_mild
D:2:      layout_basic, minmay_pentomino_r4
D:3:      layout_basic, tgw_sif, fedhas_altar_fruit_tree,
          mainiacjoe_overflow_brackets, gup_sewer_entry_bowl, uniq_ijyb,
          uniq_robin
D:4:      cheibrodos_barr_body, layout_loops_ring, kennysheep_small_circle,
          uniq_eustachio, uniq_natasha, uniq_duvessa
D:5:      layout_loops_cross
D:6:      layout_gridville, lemuel_coloured_pillars_altar,
          minmay_misc_feat_four_crosses, uniq_pikel, uniq_menkaure
D:7:      layout_rooms, minmay_temple_entry_large_hall, serial_demonic,
          serial_demonic_a, serial_demonic_a, serial_demonic_d, serial_demonic_f

Skill      XL: |  1  2  3  4  5  6  7  8  9 |
---------------+----------------------------+-----
Armour         | 3 4 5 6 |  6.3
Evocations     | 1 2 3 4 6 7 |  7.3
Short Blades   | 2 3 4 5 7 |  7.2
Fighting       | 4 5 |  5.8
Throwing       | 1 3 |  3.4
Dodging        | 1 2 |  2.0
Stealth        | 1 |  1.0
Axes           | |  2.8
Shields        | |  2.2

Action                     |  1- 3 |  4- 6 |  7- 9 | 10-12 || total
---------------------------+-------+-------+-------+-------++-------
  Melee: War axe           |    62 |       |       |       ||    62
         Short sword       |    41 |   124 |   414 |    29 ||   608
         Dagger            |    14 |   127 |    97 |       ||   238
  Throw: Dart              |       |     2 |     2 |       ||     4
         Javelin           |       |       |     9 |       ||     9
  Evoke: Wand              |       |       |    10 |       ||    10
    Use: Scroll            |     3 |     1 |     8 |       ||    12
         Potion            |       |       |     2 |     1 ||     3
 Armour: Scale mail        |    84 |   112 |   168 |       ||   364
         Leather armour    |       |       |    24 |    11 ||    35
  Dodge: Dodged            |    53 |    60 |   101 |    12 ||   226
  Block: Buckler           |    13 |       |       |       ||    13

Table legend: (Time is in decaauts)
 A = Elapsed time spent in this place.
 B = Non-inter-level travel time spent in this place.
 C = Inter-level travel time spent in this place.
 D = Time resting spent in this place.
 E = Time spent auto-exploring this place.
 F = Levels seen in this place.
 G = Mean time per level.
                   A        B        C        D        E       F      G
               +--------+--------+--------+--------+--------+-----+--------+
         Total |   7218 |   7031 |    187 |   1645 |   3701 |   8 |  902.2 |
       Dungeon |   6909 |   6722 |    187 |   1541 |   3584 |   7 |  987.0 |
         Sewer |    309 |    309 |      0 |    104 |    116 |   1 |  309.0 |
               +--------+--------+--------+--------+--------+-----+--------+

Top non-repeatable levels by time:
     D:6: 1336 daAuts
     D:4: 1331 daAuts
     D:3: 1086 daAuts
     D:1: 1029 daAuts
     D:5: 987 daAuts
     D:2: 961 daAuts
   Sewer: 309 daAuts
     D:7: 176 daAuts
